| TOP OF THE 1ST |
|---|
| Mississippi Rebels batting - Pitching for Georgia Tech Yellow Jackets : RHP Jim Lester | | Pitching: RHP Jim Lester | | | Batting: LHB Jan McAlister | 0-0: Ball 1-0: Called Strike 1-1: Foul Ball, location: 2F 1-2: Foul Ball, location: 2F 1-2: Foul Ball, location: 2F 1-2: Ball 2-2: Foul Ball, location: 2F 2-2: Ground out 4-3 (Groundball, 4) | | Batting: RHB Dave Elliott | 0-0: Foul Ball, location: 2F 0-1: Ball 1-1: Foul Ball, location: 2F 1-2: Fly out, F9 (Flyball, 89D) | | Batting: LHB Kody Hall | 0-0: Fly out, F8 (Flyball, 8LD) | | Top of the 1st over - 0 run(s), 0 hit(s), 0 error(s), 0 left on base; Mississippi 0 - Georgia Tech 0 | | BOTTOM OF THE 1ST |
|---|
| Georgia Tech Yellow Jackets batting - Pitching for Mississippi Rebels : RHP Steve Manning | | Pitching: RHP Steve Manning | | | Batting: RHB Andy Klick | 0-0: Swinging Strike 0-1: Ground out 5-3 (Groundball, 5S) | | Batting: RHB Joe Deckard | 0-0: Foul Ball, location: 2F 0-1: Ball 1-1: Ball 2-1: SINGLE (Groundball, 6D) | | Batting: RHB Rich Busby | 0-0: Ball 1-0: Ball 2-0: Called Strike 2-1: Reached on error, E5 (Groundball, 5S) Joe Deckard to third | | Batting: LHB Andres Rodriguez | 0-0: Foul Ball, location: 2F 0-1: Called Strike 0-2: SINGLE (Flyball, 89M) Joe Deckard scores Rich Busby to third Runner from 3rd tries for Home, SAFE, no throw | | Batting: RHB Bryce Bowen | 0-0: Called Strike 0-1: SINGLE (Groundball, 4MD) Andres Rodriguez to second Runner from 2nd tries for 3rd, SAFE, no throw | | Batting: RHB Jacob Leach | 0-0: Called Strike 0-1: Ball 1-1: Ball 2-1: Foul Ball, location: 2F 2-2: Ball 3-2: Foul Ball, location: 2F 3-2: Foul Ball, location: 2F 3-2: Foul Ball, location: 2F 3-2: Fly out, F7 (Line Drive, 7) | | Batting: RHB Steve Blevins | 0-0: Ball 1-0: Fielders Choice at 2nd, 5-4 (Groundball, 5L) | | Bottom of the 1st over - 2 run(s), 3 hit(s), 1 error(s), 1 left on base; Mississippi 0 - Georgia Tech 2 | | TOP OF THE 2ND |
|---|
| Mississippi Rebels batting - Pitching for Georgia Tech Yellow Jackets : RHP Jim Lester | | Batting: LHB Brian Dishner | 0-0: Ball 1-0: Ball 2-0: Ball 3-0: Base on Balls | | Batting: RHB Rich Taylor | 0-0: Called Strike 0-1: Swinging Strike 0-2: Fly out, F9 (Flyball, 9LSF) | | Batting: LHB Ron McLeish | 0-0: Called Strike 0-1: Called Strike 0-2: Ball 1-2: Strikes out swinging | | Batting: RHB Tyler Silva | 0-0: Foul Ball, location: 2F 0-1: SINGLE (Groundball, 56D) Brian Dishner to second | | Batting: RHB Kyle Cuevas | 0-0: Foul Ball, location: 2F 0-1: Ball 1-1: Foul Ball, location: 2F 1-2: Foul Ball, location: 2F 1-2: Strikes out looking | | Top of the 2nd over - 0 run(s), 1 hit(s), 0 error(s), 2 left on base; Mississippi 0 - Georgia Tech 2 | | BOTTOM OF THE 2ND |
|---|
| Georgia Tech Yellow Jackets batting - Pitching for Mississippi Rebels : RHP Steve Manning | | Batting: RHB Matt Carson | 0-0: Foul Ball, location: 2F 0-1: Ground out 6-3 (Groundball, 56) | | Batting: RHB Bruce Cole | 0-0: Ball 1-0: Foul Ball, location: 2F 1-1: Ball 2-1: Foul Ball, location: 2F 2-2: Foul Ball, location: 2F 2-2: Strikes out swinging | | Batting: RHB Andy Klick | 0-0: Called Strike 0-1: Fly out, F7 (Flyball, 7S) | | Bottom of the 2nd over - 0 run(s), 0 hit(s), 0 error(s), 0 left on base; Mississippi 0 - Georgia Tech 2 | | TOP OF THE 3RD |
|---|
| Mississippi Rebels batting - Pitching for Georgia Tech Yellow Jackets : RHP Jim Lester | | Batting: RHB Nate Clark | 0-0: Foul Ball, location: 2F 0-1: Called Strike 0-2: Foul Ball, location: 2F 0-2: Ball 1-2: Foul Ball, location: 2F 1-2: Ball 2-2: Fly out, F7 (Flyball, 7) | | Batting: LHB Jan McAlister | 0-0: Bunt missed! 0-1: Ball 1-1: Foul Ball, location: 2F 1-2: Ball 2-2: Ball 3-2: Base on Balls | | Batting: RHB Dave Elliott | 0-0: Ball 1-0: Called Strike 1-1: Called Strike 1-2: Grounds into double play, 6-4-3 (Groundball, 6) | | Top of the 3rd over - 0 run(s), 0 hit(s), 0 error(s), 0 left on base; Mississippi 0 - Georgia Tech 2 | | BOTTOM OF THE 3RD |
|---|
| Georgia Tech Yellow Jackets batting - Pitching for Mississippi Rebels : RHP Steve Manning | | Batting: RHB Joe Deckard | 0-0: Bunted foul 0-1: Swinging Strike 0-2: Ground out 5-3 (Groundball, 5) | | Batting: RHB Rich Busby | 0-0: Ball 1-0: SINGLE (Groundball, 34) (infield hit) | | Batting: LHB Andres Rodriguez | 0-0: Called Strike 0-1: Ball 1-1: Foul Ball, location: 2F 1-2: Foul Ball, location: 2F 1-2: Foul Ball, location: 2F 1-2: SINGLE (Line Drive, 8LS) Rich Busby to second | | Batting: RHB Bryce Bowen | 0-0: Ball 1-0: Foul Ball, location: 2F 1-1: Swinging Strike 1-2: Ball Passed Ball! Rich Busby to third Andres Rodriguez to second 2-2: Ball 3-2: Base on Balls | | Batting: RHB Jacob Leach | 0-0: Called Strike 0-1: Ball 1-1: Called Strike 1-2: Strikes out swinging | | Batting: RHB Steve Blevins | 0-0: Foul Ball, location: 2F 0-1: Ball 1-1: Ball 2-1: Ball 3-1: Base on Balls Rich Busby scores Andres Rodriguez to third Bryce Bowen to second | | Batting: RHB Matt Carson | 0-0: Ball 1-0: Called Strike 1-1: Fly out, F8 (Flyball, 78D) | | Bottom of the 3rd over - 1 run(s), 2 hit(s), 0 error(s), 3 left on base; Mississippi 0 - Georgia Tech 3 | | TOP OF THE 4TH |
|---|
| Mississippi Rebels batting - Pitching for Georgia Tech Yellow Jackets : RHP Jim Lester | | Batting: LHB Kody Hall | 0-0: Called Strike 0-1: Foul Ball, location: 2F 0-2: Ball 1-2: Ball 2-2: Ball 3-2: Fly out, F7 (Line Drive, 7S) | | Batting: LHB Brian Dishner | 0-0: SOLO HOME RUN (Flyball, 89XD), Distance : 401 ft | | Batting: RHB Rich Taylor | 0-0: Ball 1-0: Foul Ball, location: 2F 1-1: Called Strike 1-2: Ball 2-2: Foul Ball, location: 2F 2-2: Foul Ball, location: 2F 2-2: Ground out 5-3 (Groundball, 56) | | Batting: LHB Ron McLeish | 0-0: Called Strike 0-1: Called Strike 0-2: Ball 1-2: Ball 2-2: Foul Ball, location: 2F 2-2: Foul Ball, location: 2F 2-2: Ball 3-2: Base on Balls | | Batting: RHB Tyler Silva | 0-0: Ball 1-0: SINGLE (Flyball, 7S) Ron McLeish to second | | Batting: RHB Kyle Cuevas | 0-0: Called Strike 0-1: Foul Ball, location: 2F 0-2: Ball 1-2: Ball 2-2: Ball 3-2: Base on Balls Ron McLeish to third Tyler Silva to second | | Batting: RHB Nate Clark | 0-0: Swinging Strike 0-1: Ball 1-1: Swinging Strike 1-2: Foul Ball, location: 2F 1-2: Strikes out swinging | | Top of the 4th over - 1 run(s), 2 hit(s), 0 error(s), 3 left on base; Mississippi 1 - Georgia Tech 3 | | BOTTOM OF THE 4TH |
|---|
| Georgia Tech Yellow Jackets batting - Pitching for Mississippi Rebels : RHP Steve Manning | | Batting: RHB Bruce Cole | 0-0: Swinging Strike 0-1: Ball 1-1: Foul Ball, location: 2F 1-2: Strikes out swinging | | Batting: RHB Andy Klick | 0-0: Foul Ball, location: 2F 0-1: Ball 1-1: Foul Ball, location: 2F 1-2: Ball 2-2: Ball 3-2: Ground out 2-3 (Groundball, 2R) | | Batting: RHB Joe Deckard | 0-0: Ball 1-0: Foul Ball, location: 2F 1-1: Ball 2-1: Ground out 6-3 (Groundball, 6) | | Bottom of the 4th over - 0 run(s), 0 hit(s), 0 error(s), 0 left on base; Mississippi 1 - Georgia Tech 3 | | TOP OF THE 5TH |
|---|
| Mississippi Rebels batting - Pitching for Georgia Tech Yellow Jackets : RHP Jim Lester | | Pitching: RHP Bill Fafalios | | | Batting: LHB Jan McAlister | 0-0: Ball 1-0: Ball 2-0: Ball 3-0: Called Strike 3-1: Base on Balls | | Batting: RHB Dave Elliott | 0-0: Swinging Strike Jan McAlister is caught stealing 2nd base 0-1: SINGLE (Groundball, 6MD) | | Batting: LHB Kody Hall | 0-0: Ball 1-0: Ball 2-0: SINGLE (Groundball, 34D) Dave Elliott to second Runner from 2nd tries for 3rd, SAFE, no throw | | Batting: LHB Brian Dishner | 0-0: Swinging Strike 0-1: Ball 1-1: Ball 2-1: Ball 3-1: Base on Balls Kody Hall to second | | Batting: RHB Rich Taylor | 0-0: Called Strike 0-1: Fielders Choice at 2nd, 6-4 (Groundball, 56) Dave Elliott scores Kody Hall to third | | Batting: LHB Ron McLeish | 0-0: Foul Ball, location: 2F 0-1: Swinging Strike 0-2: Strikes out looking | | Top of the 5th over - 1 run(s), 2 hit(s), 0 error(s), 2 left on base; Mississippi 2 - Georgia Tech 3 | | BOTTOM OF THE 5TH |
|---|
| Georgia Tech Yellow Jackets batting - Pitching for Mississippi Rebels : RHP Steve Manning | | Batting: RHB Rich Busby | 0-0: SINGLE (Line Drive, 8RS) | | Pitching: RHP Ryan Whittaker | | | Batting: LHB Andres Rodriguez | 0-0: Swinging Strike 0-1: Called Strike 0-2: Ball 1-2: Ball 2-2: Foul Ball, location: 2F 2-2: Foul Ball, location: 2F 2-2: Foul Ball, location: 2F 2-2: SINGLE (Groundball, 4MD) Rich Busby to second Runner from 2nd tries for 3rd, SAFE, no throw | | Batting: RHB Bryce Bowen | 0-0: Called Strike 0-1: Swinging Strike 0-2: Ground out 5-3 (Groundball, 25) Rich Busby scores Andres Rodriguez to second | | Batting: RHB Jacob Leach | 0-0: Ball 1-0: Swinging Strike 1-1: Foul Ball, location: 2F 1-2: Ball 2-2: Strikes out swinging | | Batting: RHB Steve Blevins | 0-0: Ball 1-0: Ball 2-0: Foul Ball, location: 2F 2-1: Ball 3-1: Base on Balls | | Batting: RHB Matt Carson | 0-0: Ball 1-0: Hit by Pitch Andres Rodriguez to third Steve Blevins to second | | Batting: RHB Bruce Cole | 0-0: Foul Ball, location: 2F 0-1: Reached on error, E5 (Groundball, 56S) Andres Rodriguez scores Steve Blevins to third Matt Carson to second | | Batting: RHB Andy Klick | 0-0: Ball 1-0: Foul Ball, location: 2F 1-1: Ball 2-1: Ball 3-1: Foul Ball, location: 2F 3-2: Base on Balls Steve Blevins scores Matt Carson to third Bruce Cole to second | | Batting: RHB Joe Deckard | 0-0: SINGLE (Groundball, 34D) Matt Carson scores Bruce Cole to third Andy Klick to second Runner from 3rd tries for Home, SAFE, no throw | | Batting: RHB Rich Busby | 0-0: Called Strike 0-1: Ground out 3-1 (Groundball, 3S) | | Bottom of the 5th over - 5 run(s), 3 hit(s), 1 error(s), 2 left on base; Mississippi 2 - Georgia Tech 8 | | TOP OF THE 6TH |
|---|
| Mississippi Rebels batting - Pitching for Georgia Tech Yellow Jackets : RHP Bill Fafalios | | Batting: RHB Tyler Silva | 0-0: Ball 1-0: Ball 2-0: Ball 3-0: Called Strike 3-1: SINGLE (Flyball, 8LS) | | Batting: RHB Kyle Cuevas | 0-0: Swinging Strike 0-1: Foul Ball, location: 2F 0-2: Ball 1-2: SINGLE (Groundball, 34S) (infield hit) Tyler Silva to second | | Batting: RHB Nate Clark | 0-0: Ball 1-0: Ball 2-0: Fielders Choice at 2nd, 5-4 (Groundball, 56) Tyler Silva to third | | Batting: LHB Jan McAlister | 0-0: Ball 1-0: Ball 2-0: Foul Ball, location: 2F 2-1: SINGLE (Flyball, 7LM) Tyler Silva scores Nate Clark to second | | Batting: RHB Dave Elliott | 0-0: Ball 1-0: Ball 2-0: Fly out, F5 (Line Drive, 5) | | Batting: LHB Kody Hall | 0-0: Ball 1-0: Swinging Strike 1-1: Fly out, F5 (Popup, 5SF) | | Top of the 6th over - 1 run(s), 3 hit(s), 0 error(s), 2 left on base; Mississippi 3 - Georgia Tech 8 | | BOTTOM OF THE 6TH |
|---|
| Georgia Tech Yellow Jackets batting - Pitching for Mississippi Rebels : RHP Ryan Whittaker | | Batting: LHB Andres Rodriguez | 0-0: Foul Ball, location: 2F 0-1: Foul Ball, location: 2F 0-2: Ground out U3 (Groundball, 3S) | | Batting: RHB Bryce Bowen | 0-0: Ball 1-0: Foul Ball, location: 2F 1-1: Fly out, F8 (Flyball, 8RD) | | Batting: RHB Jacob Leach | 0-0: Ball 1-0: Ball 2-0: Ball 3-0: Base on Balls | | Batting: RHB Steve Blevins | 0-0: Ball 1-0: Ball 2-0: Ball 3-0: Called Strike 3-1: Foul Ball, location: 2F 3-2: Foul Ball, location: 2F 3-2: Foul Ball, location: 2F 3-2: Base on Balls Jacob Leach to second | | Batting: RHB Matt Carson | 0-0: Ball 1-0: Ball 2-0: Ball 3-0: Called Strike 3-1: Called Strike 3-2: Base on Balls Jacob Leach to third Steve Blevins to second | | Batting: RHB Bruce Cole | 0-0: Ball 1-0: Swinging Strike 1-1: Ball 2-1: Foul Ball, location: 2F 2-2: Ball 3-2: Foul Ball, location: 2F 3-2: Ground out 6-3 (Groundball, 6) | | Bottom of the 6th over - 0 run(s), 0 hit(s), 0 error(s), 3 left on base; Mississippi 3 - Georgia Tech 8 | | TOP OF THE 7TH |
|---|
| Mississippi Rebels batting - Pitching for Georgia Tech Yellow Jackets : RHP Bill Fafalios | | Batting: LHB Brian Dishner | 0-0: Foul Ball, location: 2F 0-1: Foul Ball, location: 2F 0-2: Ball 1-2: SINGLE (Popup, 4MD) | | Batting: RHB Rich Taylor | 0-0: Ball 1-0: Called Strike 1-1: Foul Ball, location: 2F 1-2: Foul Ball, location: 2F 1-2: DOUBLE (Flyball, 78D) Brian Dishner to third | | Batting: LHB Ron McLeish | 0-0: Ball 1-0: Called Strike 1-1: Hit by Pitch | | Batting: RHB Tyler Silva | 0-0: Ball 1-0: Foul Ball, location: 2F 1-1: Ball 2-1: Ball 3-1: Foul Ball, location: 2F 3-2: Base on Balls Brian Dishner scores Rich Taylor to third Ron McLeish to second | | Pitching: LHP Danny Nieto | | | Batting: RHB Kyle Cuevas | 0-0: DOUBLE (Flyball, 8RD) Rich Taylor scores Ron McLeish scores Tyler Silva to third | | Batting: RHB Nate Clark | 0-0: Called Strike 0-1: Ball 1-1: Called Strike 1-2: Strikes out swinging | | Pinch Hitting: RHB Keith Johnson | 0-0: Ball 1-0: Ball 2-0: Ball 3-0: Called Strike 3-1: Base on Balls | | Batting: RHB Dave Elliott | 0-0: Ball 1-0: Ground out 3-1 (Groundball, 34S) Tyler Silva scores Kyle Cuevas to third Keith Johnson to second | | Batting: LHB Kody Hall | 0-0: Ball 1-0: Ball 2-0: Ball 3-0: Base on Balls | | Batting: LHB Brian Dishner | 0-0: Ball 1-0: Fielders Choice at 2nd, U6 (Groundball, 4MD) | | Top of the 7th over - 4 run(s), 3 hit(s), 0 error(s), 3 left on base; Mississippi 7 - Georgia Tech 8 | | BOTTOM OF THE 7TH |
|---|
| Georgia Tech Yellow Jackets batting - Pitching for Mississippi Rebels : RHP Ryan Whittaker | | Pitching: LHP Joe Vignola | | | Now in CF: Adam Anderson | | | Batting: RHB Andy Klick | 0-0: Called Strike 0-1: Foul Ball, location: 2F 0-2: Ground out 5-3 (Groundball, 5) | | Batting: RHB Joe Deckard | 0-0: Called Strike 0-1: Ground out 6-3 (Groundball, 6) | | Batting: RHB Rich Busby | 0-0: Ground out 4-3 (Groundball, 4) | | Bottom of the 7th over - 0 run(s), 0 hit(s), 0 error(s), 0 left on base; Mississippi 7 - Georgia Tech 8 | | TOP OF THE 8TH |
|---|
| Mississippi Rebels batting - Pitching for Georgia Tech Yellow Jackets : LHP Danny Nieto | | Now at C: Matt Reckard | | | Batting: RHB Rich Taylor | 0-0: Called Strike 0-1: Called Strike 0-2: Foul Ball, location: 2F 0-2: Ball 1-2: Ball 2-2: Fly out, F7 (Line Drive, 7) | | Batting: LHB Ron McLeish | 0-0: Ball 1-0: Foul Ball, location: 2F 1-1: Swinging Strike 1-2: Ball 2-2: Foul Ball, location: 2F 2-2: Foul Ball, location: 2F 2-2: SINGLE (Groundball, 34) (infield hit) | | Pitching: RHP Gary Thornton | | | Batting: RHB Tyler Silva | 0-0: Swinging Strike 0-1: Ball 1-1: Swinging Strike 1-2: Fly out, F8 (Flyball, 8RS) | | Pinch Hitting: LHB Ryan Nicholson | 0-0: Ball 1-0: SINGLE (Groundball, 34D) Ron McLeish to second Runner from 2nd tries for 3rd, SAFE, no throw | | Batting: RHB Nate Clark | 0-0: SINGLE (Groundball, 56D) Ron McLeish scores Ryan Nicholson to second | | Batting: RHB Adam Anderson | 0-0: Ground out 4-3 (Groundball, 4M) | | Top of the 8th over - 1 run(s), 3 hit(s), 0 error(s), 2 left on base; Mississippi 8 - Georgia Tech 8 | | BOTTOM OF THE 8TH |
|---|
| Georgia Tech Yellow Jackets batting - Pitching for Mississippi Rebels : LHP Joe Vignola | | Now at 1B: Alex Rivera | | | Batting: LHB Andres Rodriguez | 0-0: Ball 1-0: Ball 2-0: Ball 3-0: Base on Balls | | Batting: RHB Bryce Bowen | 0-0: Ball 1-0: Ball 2-0: Foul Ball, location: 2F 2-1: Called Strike 2-2: Ball 3-2: Fly out, F4 (Line Drive, 4) | | Batting: RHB Jacob Leach | 0-0: Ball 1-0: Fly out, F6 (Popup, 6MD) | | Batting: RHB Steve Blevins | 0-0: Ball 1-0: Called Strike 1-1: Fielders Choice at 2nd, 6-4 (Groundball, 6) | | Bottom of the 8th over - 0 run(s), 0 hit(s), 0 error(s), 0 left on base; Mississippi 8 - Georgia Tech 8 | | TOP OF THE 9TH |
|---|
| Mississippi Rebels batting - Pitching for Georgia Tech Yellow Jackets : RHP Gary Thornton | | Pitching: RHP Dave Messner | | | Batting: RHB Dave Elliott | 0-0: Called Strike 0-1: Ground out 4-3 (Groundball, 4) | | Batting: LHB Kody Hall | 0-0: SINGLE (Flyball, 78M) | | Batting: LHB Brian Dishner | 0-0: Ball 1-0: Ball Passed Ball! Kody Hall to second 2-0: Intentional Walk | | Batting: RHB Rich Taylor | 0-0: Ball 1-0: Foul Ball, location: 2F 1-1: Swinging Strike 1-2: Ball 2-2: Strikes out looking | | Batting: LHB Ron McLeish | 0-0: Called Strike 0-1: Ball 1-1: Foul Ball, location: 2F 1-2: Ball 2-2: Foul Ball, location: 2F 2-2: Ball 3-2: Base on Balls Kody Hall to third Brian Dishner to second | | Batting: RHB Tyler Silva | 0-0: Ball 1-0: Ball 2-0: Ball 3-0: Called Strike 3-1: SINGLE (Flyball, 78S) Kody Hall scores Brian Dishner to third Ron McLeish to second Runner from 3rd tries for Home, SAFE, no throw | | Batting: RHB Alex Rivera | 0-0: Called Strike 0-1: Foul Ball, location: 2F 0-2: Ball 1-2: Ball 2-2: Strikes out swinging | | Top of the 9th over - 2 run(s), 2 hit(s), 0 error(s), 2 left on base; Mississippi 10 - Georgia Tech 8 | | BOTTOM OF THE 9TH |
|---|
| Georgia Tech Yellow Jackets batting - Pitching for Mississippi Rebels : LHP Joe Vignola | | Pitching: RHP Jacob Bailey | | | Batting: RHB Matt Carson | 0-0: Called Strike 0-1: Ball 1-1: Ball 2-1: Ball 3-1: Called Strike 3-2: Foul Ball, location: 2F 3-2: Ground out 6-3 (Groundball, 6) | | Batting: RHB Bruce Cole | 0-0: SINGLE (Line Drive, 6M) | | Batting: RHB Andy Klick | 0-0: Foul Ball, location: 2F 0-1: Swinging Strike 0-2: Fielders Choice at 2nd, 4-6 (Groundball, 4) | | Batting: RHB Joe Deckard | 0-0: Fly out, F8 (Flyball, 8RD) | | Bottom of the 9th over - 0 run(s), 1 hit(s), 0 error(s), 1 left on base; Mississippi 10 - Georgia Tech 8 | |